 Dungeon Crawl Stone Soup version 0.14-a0-586-g2535b90 (webtiles) character file.

514 Malachi the Ruffian (level 6, -4/50 HPs)
             Began as a Troll Wizard on Nov 3, 2013.
             Was an Initiate of Kikubaaqudgha.
             Slain by Moogles' ghost (10 damage)
             ... on Level 5 of the Dungeon.
             The game lasted 00:05:46 (2711 turns).

Malachi the Ruffian (Troll Wizard)                  Turns: 2711, Time: 00:05:47

HP  -4/50        AC 14     Str 16      XL: 6   Next: 23%
MP  10/10        EV  6     Int 16      God: Kikubaaqudgha [......]
Gold 190         SH  0     Dex  8      Spells:  1 memorised,  8 levels left

Res.Fire  : x . .   See Invis. : .     - Unarmed
Res.Cold  : + + .   Warding    : .   t - +0 ice dragon armour
Life Prot.: . . .   Conserve   : .   (shield restricted)
Res.Poison: .       Res.Corr.  : .   b - +0 wizard hat
Res.Elec. : .       Clarity    : .   o - +1 cloak
Sust.Abil.: . .     Spirit.Shd : .   (gloves unavailable)
Res.Mut.  : .       Stasis     : .   (boots unavailable)
Res.Rott. : .       Flight     : .   (no amulet)
Gourmand  : +                        (no ring)
                                     (no ring)

@: slightly resistant to hostile enchantments, extremely unstealthy
A: unfitting armour, claws 3, fast metabolism 3, gourmand, regeneration 2,
saprovore 2, tough skin 2, AC +1
a: Renounce Religion


You were on level 5 of the Dungeon.
You worshipped Kikubaaqudgha.
Kikubaaqudgha was noncommittal.
You were full.

You visited 2 branches of the dungeon, and saw 6 of its levels.

You collected 190 gold pieces.

Inventory:

Armour
 a - a +0 robe
 b - a +0 wizard hat (worn)
 o - a +1 cloak (worn)
 t - a +0 ice dragon armour (worn)
Magical devices
 D - a wand of random effects (9) {unknown}
Comestibles
 d - 4 meat rations
 f - 6 bread rations
 p - a pear
 r - a royal jelly
 w - a chunk of worker ant flesh
 x - an apple
 z - a lemon
 B - a choko
 E - a chunk of giant cockroach flesh
 H - 3 cheeses
Scrolls
 g - 5 scrolls of identify {unknown}
 h - a scroll of teleportation {unknown}
 i - 2 scrolls of noise {unknown}
 m - a scroll of random uselessness {unknown}
 n - 4 scrolls of remove curse {unknown}
 s - a scroll of enchant armour {unknown}
 u - 3 scrolls of fog {unknown}
 v - a scroll of curse weapon {unknown}
 y - a scroll of enchant weapon II {unknown}
 C - a scroll of magic mapping {unknown}
Jewellery
 q - an uncursed amulet of the gourmand {unknown}
 I - an uncursed ring of protection from magic {unknown}
Potions
 e - a potion of agility {unknown}
 j - a potion of brilliance {unknown}
 k - a potion of mutation {unknown}
 l - 2 potions of speed {unknown}
 A - a potion of poison {unknown}
 J - 2 potions of curing {unknown}
Books
 c - a book of Minor Magic

   Spells                             Type                      Level
   *Magic Dart                        Conjuration                  1
   Blink                              Translocation                2
   Call Imp                           Summoning                    2
   Repel Missiles                     Charms/Air                   2
   Slow                               Hexes                        2
   Conjure Flame                      Conjuration/Fire             3
   Mephitic Cloud                     Conjuration/Poison/Air       3


   Skills:
 * Level 1.0 Armour
 - Level 1.5 Dodging
 - Level 1.1 Stealth
 * Level 6.0 Unarmed Combat
 - Level 2.0 Spellcasting
 - Level 0.6 Conjurations
   Level 0.6 Summonings
   Level 0.6 Translocations


You had 8 spell levels left.
You knew the following spells:

 Your Spells              Type           Power        Failure   Level  Hunger
a - Magic Dart            Conj           #...         73%         1    #......


Dungeon Overview and Level Annotations

Branches:
Dungeon (5/27)             Temple (1/1) D:4

Altars:
Ashenzari
Cheibriados
Elyvilon
Fedhas
Kikubaaqudgha
Makhleb
Nemelex Xobeh
Okawaru
Sif Muna
Trog
Xom
Zin
the Shining One

Annotations:
D:5 Moogles' ghost, experienced MiFi


Innate Abilities, Weirdness & Mutations

You are too large for most types of armour.
You have claws for hands.
Your metabolism is lightning-fast.
You like to eat raw meat.
You heal very quickly.
You can eat rotten meat.
You are covered in fur (AC +1).
You have very tough skin (AC +2).


Message History

You hit Moogles' ghost.
Moogles' ghost is heavily damaged.
Moogles' ghost hits you but does no damage.
You hit Moogles' ghost but do no damage.
Moogles' ghost is heavily damaged.
Moogles' ghost hits you but does no damage.
You hit Moogles' ghost but do no damage.
Moogles' ghost is heavily damaged.
Moogles' ghost hits you!
Your ice dragon armour prevents you from hitting Moogles' ghost.
Moogles' ghost is heavily damaged.
Moogles' ghost hits you!
* * * LOW HITPOINT WARNING * * *
You hit Moogles' ghost but do no damage.
Moogles' ghost is heavily damaged.
Moogles' ghost hits you!
* * * LOW HITPOINT WARNING * * *
Moogles' ghost hits you!
You die...
Kikubaaqudgha rasps: "You have failed me!
Welcome... death!"

#.## ##. ###..####### #..
###..........# #.#
####.'..........# #.#
#....#..........#
##.######
.##.####..........#
#####.......# .'..#
#..........###...........#
.####
#..........##..###.......#
#.......p@.'..## #.......#
#..........#### #####.###
#########'## #.#
.........# #.# #########
######'## #.......#
#.......# #(<.....#
#.......#


You could see Moogles' ghost.

Vanquished Creatures
  2 crimson imps (D:5)
  An orc priest (D:4)
  A scorpion (D:4)
  2 worker ants (D:4)
  Jessica (D:2)
  2 adders (D:2)
  A worm zombie (D:5)
  2 worms (D:2)
  An ooze (D:1)
  6 orcs
  4 giant cockroaches
  11 hobgoblins
  2 jackals (D:2)
  5 kobolds
  A quokka (D:2)
  12 bats
  8 giant newts
  9 goblins
  25 rats
96 creatures vanquished.

Notes
Turn   | Place    | Note
--------------------------------------------------------------
     0 | D:1      | Malachi, the Troll Wizard, began the quest for the Orb.
     0 | D:1      | Reached XP level 1. HP: 14/14 MP: 5/5
    50 | D:1      | Reached skill level 1 in Unarmed Combat
    99 | D:1      | Reached XP level 2. HP: 22/22 MP: 6/6
   590 | D:2      | Reached XP level 3. HP: 12/28 MP: 7/7
   622 | D:2      | Noticed Jessica
   632 | D:2      | Killed Jessica
   632 | D:2      | Reached skill level 3 in Unarmed Combat
   766 | D:2      | Reached XP level 4. HP: 29/36 MP: 8/8
  1010 | D:2      | Reached skill level 4 in Unarmed Combat
  1321 | D:3      | Found a bloodstained altar of Trog.
  1744 | D:4      | Reached XP level 5. HP: 18/42 MP: 8/8
  1800 | D:4      | Reached skill level 5 in Unarmed Combat
  2168 | D:4      | Found a snail-covered altar of Cheibriados.
  2244 | D:4      | Found a staircase to the Ecumenical Temple.
  2277 | Temple   | Entered the Ecumenical Temple
  2438 | Temple   | Became a worshipper of Kikubaaqudgha
  2585 | D:5      | Entered Level 5 of the Dungeon
  2599 | D:5      | Reached XP level 6. HP: 50/50 MP: 10/10
  2605 | D:5      | Reached skill level 1 in Armour
  2605 | D:5      | Reached skill level 6 in Unarmed Combat
  2670 | D:5      | Noticed Moogles' ghost (experienced MiFi)
  2711 | D:5      | Slain by Moogles' ghost

Action                   |  1- 3 |  4- 6 || total
-------------------------+-------+-------++-------
Melee: Unarmed           |   139 |   207 ||   346
